Map: Port Aleksander LE

Players

Sirgw - Winner!

  • Race: Zerg Zerg
  • League: Platinum
  • Spawn Location: 5:00

Mesrob

  • Race: Terran Terran
  • League: Gold
  • Spawn Location: 11:00

VOD

Have the link to the VOD?

Description

Time

  • Played on: Jan. 16, 2019, 1:28 p.m.
  • Length: 16:33
Show
View Real Time Build Order
Export as new Build Order

Sirgw Zerg - Winner!

Build Orders: Hatch First, Brood Lord Corruptor 

Get SALT Encoding   

  12  0:01  Drone  
  13  0:13  Overlord  
  13  0:18  Drone  
  14  0:31  Drone  
  14  0:33  Drone  
  16  0:36  Drone  
  17  0:57  Drone  
  17  1:00  Hatchery, Drone  
  18  1:15  Spawning Pool  
  18  1:18  Drone  
  18  1:21  Drone  
  19  1:29  Drone  
  19  1:32  Extractor  
  19  1:39  Overlord  
  19  1:50  Drone  
  20  2:00  Drone  
  21  2:02  Queen  
  23  2:11  Queen  
  23  2:13  Drone x2  
  27  2:24  Drone x2  
  29  2:33  Drone  
  30  2:37  Drone  
  30  2:39  Lair  
  31  2:46  Drone x2  
  33  2:58  Drone  
  33  2:59  Drone  
  35  3:10  Roach Warren  
  34  3:18  Evolution Chamber  
  34  3:19  Drone x3  
  36  3:20  Overlord  
  36  3:21  Overlord x2  
  36  3:27  Spine Crawler  
  36  3:29  Extractor  
  36  3:31  Extractor, Drone  
  36  3:32  Drone x2  
  36  3:34  Overlord  
  36  3:35  Overlord  
  36  3:39  Drone  
  37  3:44  Zerg Missile Weapons Level 1  
  37  3:45  Drone  
  37  3:47  Drone  
  39  3:49  Glial Reconstitution  
  39  3:59  Drone  
  39  4:00  Queen, Drone  
  43  4:10  Drone x2  
  43  4:11  Drone x2  
  43  4:12  Drone x2  
  49  4:26  Roach  
  49  4:29  Hatchery, Roach  
  52  4:34  Roach  
  52  4:36  Roach x2  
  58  4:46  Drone x2  
  58  4:47  Drone x3  
  63  5:00  Evolution Chamber, Roach x2  
  63  5:01  Roach x3  
  72  5:10  Overlord  
  72  5:19  Drone  
  72  5:20  Roach  
  75  5:27  Zerg Ground Armor Level 1  
  75  5:35  Drone  
  76  5:39  Zerg Missile Weapons Level 2  
  76  5:40  Roach  
  76  5:41  Drone  
  76  5:42  Drone x4  
  83  5:43  Drone  
  83  5:44  Queen  
  83  5:49  Roach  
  88  5:53  Roach  
  90  6:01  Roach  
  90  6:02  Roach  
  90  6:04  Roach  
  90  6:05  Hydralisk Den  
  90  6:07  Roach  
  90  6:08  Roach x2  
  90  6:09  Roach  
  90  6:11  Roach  
  87  6:12  Roach  
  87  6:13  Roach  
  89  6:24  Extractor  
  88  6:26  Extractor  
  88  6:27  Extractor  
  86  6:40  Hatchery, Drone x4  
  86  6:41  Drone  
  90  6:53  Overlord  
  90  6:54  Overlord x7  
  90  7:18  Spire  
  90  7:20  Infestation Pit  
  88  7:24  Zerg Ground Armor Level 2  
  80  8:00  Drone  
  80  8:01  Drone x2  
  80  8:03  Drone x2  
  80  8:04  Drone x4  
  80  8:05  Drone x2  
  91  8:08  Drone  
  91  8:09  Drone x4  
  91  8:10  Queen, Drone x3  
  91  8:11  Drone x2  
  91  8:12  Drone  
  104  8:18  Hive  
  104  8:33  Extractor  
  103  8:35  Extractor  
  102  8:46  Corruptor  
  102  8:47  Corruptor x2  
  108  8:48  Corruptor x2  
  108  8:49  Overlord  
  108  8:50  Overlord  
  108  8:51  Overlord x2  
  108  8:52  Overlord x3  
  108  8:53  Overlord x4  
  108  8:54  Corruptor  
  114  8:56  Corruptor  
  114  8:57  Corruptor x2  
  114  9:00  Corruptor  
  122  9:05  Drone  
  122  9:07  Corruptor  
  122  9:08  Corruptor  
  127  9:10  Corruptor  
  129  9:18  Corruptor x2  
  129  9:19  Corruptor  
  129  9:20  Corruptor  
  137  9:28  Corruptor  
  135  9:38  Greater Spire  
  127  10:00  Corruptor x2  
  127  10:01  Corruptor x2  
  127  10:03  Corruptor  
  127  10:05  Hatchery  
  136  10:08  Corruptor  
  138  10:18  Corruptor x2  
  142  10:23  Corruptor  
  144  10:31  Queen  
  144  10:34  Extractor  
  145  10:37  Extractor  
  144  10:56  Brood Lord x4  
  152  10:58  Brood Lord  
  154  11:05  Brood Lord  
  156  11:11  Zerg Melee Weapons Level 1  
  156  11:27  Roach x5  
  156  11:28  Roach x6  
  178  11:38  Brood Lord x2  
  178  11:39  Brood Lord  
  184  11:48  Brood Lord  
  184  11:51  Brood Lord  
  188  12:01  Brood Lord  
  190  12:02  Brood Lord  
  192  12:13  Zergling x4  
  192  12:14  Zergling x12  
  191  13:03  Roach x3  
  191  13:04  Roach x4  
  191  13:05  Roach  
  197  13:06  Roach x3  
  180  13:14  Roach x2  
  180  13:15  Roach  
  173  13:25  Roach x2  
  173  13:26  Roach  
  163  13:41  Corruptor  
  163  13:42  Corruptor x2  
  169  13:52  Corruptor x3  
  175  13:58  Brood Lord x4  
  175  13:59  Brood Lord x6  
  175  14:00  Brood Lord  
  175  14:02  Roach  
  171  15:15  Roach x3  
  171  15:16  Roach  
  171  15:17  Roach x2  
  171  15:18  Roach  
  171  15:20  Roach x2  
  185  15:22  Roach  
  185  15:27  Roach  
  185  15:34  Roach x2  
  185  15:35  Roach  
  179  15:54  Brood Lord x5  
  179  15:55  Corruptor x3  
  179  15:56  Corruptor  
  195  15:57  Corruptor  
Show
View Real Time Build Order
Export as new Build Order

Mesrob Terran 

Build Orders: Mech 

Get SALT Encoding   

  12  0:00  SCV  
  13  0:12  SCV  
  14  0:18  Supply Depot  
  14  0:24  SCV  
  15  0:40  SCV  
  15  0:41  Barracks  
  16  0:52  Refinery, SCV  
  17  1:04  SCV  
  18  1:16  SCV  
  19  1:30  Orbital Command  
  19  1:38  Command Center  
  19  1:42  Marine  
  20  1:57  Bunker  
  20  1:58  SCV  
  21  2:07  Factory  
  21  2:09  Barracks Tech Lab  
  21  2:11  SCV  
  22  2:30  Supply Depot  
  22  2:46  Refinery, SCV  
  23  2:52  Supply Depot  
  23  2:55  Engineering Bay  
  23  2:56  Orbital Command  
  23  2:58  SCV  
  24  3:08  Siege Tank  
  24  3:10  SCV  
  28  3:21  Supply Depot  
  28  3:22  SCV  
  29  3:30  SCV  
  30  3:34  SCV  
  31  3:42  SCV  
  31  3:43  Supply Depot  
  31  3:45  Marine  
  31  3:46  SCV  
  31  3:47  Siege Tank  
  37  4:05  Missile Turret  
  37  4:10  Missile Turret  
  37  4:17  SCV x2  
  38  4:18  Refinery  
  39  4:26  Missile Turret  
  39  4:29  SCV  
  39  4:30  Factory  
  39  4:31  Factory, Missile Turret  
  40  4:36  SCV  
  41  4:41  SCV  
  42  4:48  Missile Turret, SCV  
  42  4:51  Command Center  
  43  4:53  SCV  
  43  4:55  Siege Tank  
  47  5:15  Refinery  
  47  5:16  SCV  
  47  5:17  Missile Turret  
  47  5:20  SCV  
  47  5:21  Missile Turret  
  49  5:27  Factory Reactor, Siege Tank  
  49  5:28  Factory Reactor  
  52  5:29  SCV  
  52  5:32  SCV  
  54  5:43  Missile Turret  
  54  5:48  SCV  
  55  5:50  SCV  
  56  5:59  Armory  
  56  6:00  SCV  
  56  6:02  SCV  
  56  6:15  Sensor Tower  
  56  6:28  Command Center  
  56  6:47  Command Center  
  56  6:48  Factory  
  56  6:49  Hellbat x2, Thor  
  56  6:50  Factory  
  66  6:54  SCV  
  66  6:56  SCV  
  66  7:01  Planetary Fortress  
  68  7:06  SCV  
  68  7:08  SCV  
  70  7:20  SCV x2  
  72  7:32  SCV  
  70  7:39  Factory Tech Lab x2, Thor  
  70  7:40  Hellbat, Hellion  
  78  8:02  Missile Turret, Thor x2  
  78  8:04  Hellbat x2, Hellion  
  78  8:05  Hellbat  
  98  8:22  Thor  
  98  8:23  Planetary Fortress  
  98  8:24  Missile Turret  
  104  8:35  Factory  
  104  8:38  Terran Vehicle Weapons Level 1  
  104  8:45  Thor  
  104  8:46  Missile Turret  
  110  8:52  Armory  
  110  9:05  Missile Turret  
  110  9:07  Refinery, SCV x2  
  113  9:10  SCV  
  113  9:11  Refinery  
  113  9:13  SCV  
  113  9:16  Refinery  
  114  9:18  SCV  
  115  9:27  Missile Turret  
  115  9:39  Refinery  
  115  9:47  Supply Depot, SCV x2, Thor  
  123  9:57  Supply Depot  
  123  10:05  Planetary Fortress  
  123  10:09  SCV x4  
  123  10:12  Supply Depot  
  127  10:15  Refinery x2  
  127  10:18  Thor  
  127  10:19  Supply Depot  
  135  10:21  SCV x3  
  135  10:24  SCV  
  137  10:31  Hellion  
  137  10:33  Factory, SCV x2  
  137  10:34  Supply Depot, SCV, Thor  
  146  10:36  Hellion  
  146  10:37  Terran Vehicle And Ship Armor Level 1, Terran Vehicle Weapons Level 2  
  146  10:45  SCV  
  146  10:46  Factory Reactor  
  146  10:48  Thor  
  153  10:58  Supply Depot  
  153  11:04  SCV  
  154  11:06  SCV  
  154  11:09  SCV x2  
  157  11:16  SCV  
  157  11:17  Factory  
  157  11:18  SCV  
  159  11:21  SCV x2  
  159  11:22  Supply Depot  
  159  11:25  SCV  
  162  11:28  SCV  
  162  11:30  SCV  
  162  11:32  Sensor Tower  
  164  11:33  SCV x2  
  164  11:37  SCV  
  164  11:39  Missile Turret  
  167  11:42  SCV  
  167  11:43  Factory Tech Lab, Thor  
  167  11:44  Hellbat  
  167  11:45  Hellbat  
  178  11:49  SCV  
  178  11:50  Hellbat  
  179  11:56  Supply Depot  
  179  11:59  Missile Turret  
  179  12:17  Thor  
  179  12:18  Hellbat, Sensor Tower  
  179  12:19  Supply Depot  
  187  12:34  Supply Depot  
  187  12:41  SCV x2, Thor  
  187  12:42  SCV x2  
  187  12:43  Thor  
  189  12:53  SCV x2  
  189  12:54  SCV  
  189  12:57  Supply Depot  
  180  13:01  Thor  
  180  13:02  Thor  
  180  13:04  Hellbat x4  
  180  13:05  SCV  
  195  13:06  Hellbat x2  
  179  13:19  Supply Depot  
  169  13:23  Thor  
  169  13:26  Thor  
  171  13:27  Hellbat x4  
  171  13:29  Hellbat x2  
  158  13:41  Supply Depot  
  158  13:44  Thor x2  
  158  13:48  Factory Reactor  
  170  13:56  Factory  
  170  14:01  Factory  
  170  14:06  Supply Depot, Thor  
  176  14:16  Hellbat x6  
  188  14:17  Thor  
  194  14:27  Thor  
  194  14:31  Supply Depot  
  200  14:54  Supply Depot  
  200  15:06  Thor  
  194  15:07  Hellbat x2  
  194  15:08  Hellbat  
  166  15:16  Thor x3  
  166  15:18  Hellbat x3  
  131  15:43  Hellbat x3  
  131  15:44  Hellbat x2  
  131  15:49  Thor  
  139  15:50  Command Center  
Tags
 
Add a new tag
Caveats
  • Supply blocks, unpowered buildings, or Contaminate may cause inaccurate times.
  • Supply counts are checked every 10 seconds.